Panthers vs Bruins (R3)

Created - March 4, 2018 at 21:36

Goals
1 2 3 T
Panthers 3 2 2 7
Bruins 0 2 2 4
Shots
1 2 3 T
Panthers 10 9 12 31
Bruins 17 9 13 39

1st period

1. Panthers , Guillaume Latendresse 36 (Cory Emmerton 14) at 9:08
2. Panthers , Guillaume Latendresse 37 (Ian White 23, Cory Emmerton 15) at 9:24
3. Panthers , Erik Gudbranson 7 (Daniel Sedin 15, Jonathan Sigalet 14) at 11:11

Penalties :
George Parros (Flo) for Interference (Minor) at 1:14, Daniel Sedin (Flo) for Interference (Minor) at 3:53, Erik Gudbranson (Flo) for Slashing (Minor) at 9:01, Wojtek Wolski (Bos) for Hooking (Minor) at 9:06, Erik Gudbranson (Flo) for Hooking (Minor) at 13:15

2nd period

4. Panthers , Erik Gudbranson 8 (Sergei Samsonov 18, Shawn Horcoff 13) at 5:27
5. Panthers , Cory Emmerton 12 (Drew Stafford 10, Guillaume Latendresse 36) at 16:55 (PP)
6. Bruins , Alex Tanguay 13 (Victor Oreskovich 21, Marc Savard 32) at 18:35
7. Bruins , Wojtek Wolski 32 (Henrik Sedin 38) at 18:58 (PP)

Penalties :
Cory Emmerton (Flo) for Tripping (Minor) at 6:13, Cam Fowler (Bos) for Hooking (Minor) at 8:51, Nate Prosser (Bos) for Hooking (Minor) at 10:28, Nikolai Zherdev (Bos) for Interference (Minor) at 13:49, Cam Fowler (Bos) for Holding (Minor) at 16:33, Nathan Horton (Bos) for Fighting (Major) at 18:42, Erik Gudbranson (Flo) for Fighting (Major) at 18:42, Brendan Smith (Flo) for Slashing (Minor) at 18:52

3rd period

8. Bruins , Wojtek Wolski 33 (Jason Demers 21, Henrik Sedin 39) at 3:21
9. Panthers , Sergei Samsonov 13 (Michal Rozsival 15) at 8:11
10. Panthers , George Parros 8 (Daniel Sedin 16) at 15:57
11. Bruins , Victor Oreskovich 18 (Marc Savard 33, Alex Tanguay 21) at 16:27

Penalties :
Jason Demers (Bos) for Interference (Minor) at 0:25, Ian White (Flo) for Interference (Minor) at 0:29, Cory Emmerton (Flo) for Tripping (Minor) at 8:33, Nathan Horton (Bos) for Hooking (Minor) at 13:21, Shane O'Brien (Bos) for Hooking (Minor) at 16:34

Goalie Stats

Antti Niemi (Flo), 35 saves from 39 shots - (0.897), W, 16-17-4, 60:00 minutes
Craig Anderson (Bos), 11 saves from 15 shots - (0.733), 25:27 minutes
Kevin Poulin (Bos), 13 saves from 16 shots - (0.813), L, 19-21-4, 34:33 minutes

Players Stats for Panthers

Player Name              G  A  P  +/- PIM S  H  SB GA TA FO     MP     PP MP  PK MP  
------------------------------------------------------------------------------------
Alexander Perezhogin     0  0  0   0  0   0  1  0  0  0  0/1     8:59   0:00   0:00 
Brendan Smith            0  0  0   3  2   2  0  1  2  0  0/0    26:59   4:03   6:06 
Cédric Lalonde-McNicoll  0  0  0   1  0   1  1  0  0  1  0/1     7:48   0:00   3:14 
Cory Emmerton            1  2  3   1  4   3  3  0  1  1  17/27  20:29   5:43   0:46 
Daniel Sedin             0  2  2   2  2   1  1  0  0  0  0/0     7:51   0:05   1:20 
Drew Stafford            0  1  1  -1  0   2  0  0  1  1  0/3    20:05   5:43   3:14 
Erik Gudbranson          2  0  2   2  9   6  2  0  2  3  0/0    20:27   5:57   0:00 
George Parros            1  0  1   1  2   2  1  0  0  0  0/0     4:33   0:00   0:00 
Guillaume Latendresse    2  1  3   0  0   5  1  0  0  0  1/5    25:29   5:43   5:29 
Ian White                0  1  1   0  2   3  0  0  2  0  0/0    20:38   5:55   0:00 
Jeff Tambellini          0  0  0   0  0   1  0  0  0  0  0/1     9:23   0:00   0:07 
Jonathan Matsumoto       0  0  0   0  0   0  0  0  0  0  6/11    9:56   0:00   0:39 
Jonathan Sigalet         0  1  1   1  0   0  1  3  0  1  0/0    16:49   0:09   3:58 
Matthew Spiller          0  0  0   1  0   1  0  2  0  0  0/0    16:23   0:05   4:04 
Michal Rozsival          0  1  1  -1  0   0  1  1  1  0  0/0    20:08   4:03   6:12 
Sergei Samsonov          1  1  2   2  0   3  4  0  0  0  0/0    14:57   4:21   0:00 
Shawn Horcoff            0  1  1   0  0   0  5  1  0  1  7/26   21:27   4:16   5:31 
Tomas Kopecky            0  0  0   1  0   1  0  0  0  0  0/1    13:31   4:16   0:00 

Players Stats for Bruins

Player Name              G  A  P  +/- PIM S  H  SB GA TA FO     MP     PP MP  PK MP  
------------------------------------------------------------------------------------
Adam McQuaid             0  0  0   0  0   0  0  0  0  0  0/0     2:18   0:04   0:04 
Alex Tanguay             1  1  2   2  0   2  4  0  1  0  0/0    16:48   4:58   0:56 
Andrew Alberts           0  0  0   0  0   0  0  3  0  0  0/0    21:12   4:52   3:03 
Cam Fowler               0  0  0  -1  4   0  0  0  0  0  0/0     9:42   0:00   0:00 
Dave Bolland             0  0  0  -3  0   0  0  0  0  0  1/2     8:36   0:00   2:35 
Henrik Sedin             0  2  2  -3  0   3  1  0  1  0  19/29  24:34   5:04   5:40 
Jason Demers             0  1  1  -2  2   4  1  5  1  1  0/0    28:38   5:18   6:45 
Kris Chucko              0  0  0   0  0   1  2  0  0  1  0/0     8:54   0:00   0:00 
Marc Savard              0  2  2   1  0   4  0  0  1  1  12/14  19:30   4:58   2:40 
Mike Fisher              0  0  0  -1  0   2  1  2  0  1  2/8    10:40   0:08   0:05 
Nate Prosser             0  0  0   0  2   1  3  0  0  3  0/0    20:17   4:52   2:33 
Nathan Horton            0  0  0  -3  7   0  2  0  1  0  1/3    17:11   4:54   1:52 
Nick Schultz             0  0  0   0  0   4  0  1  0  1  0/0    12:11   0:04   2:30 
Nikolai Zherdev          0  0  0   0  2   0  1  0  0  0  0/0     4:33   0:08   0:00 
Rene Bourque             0  0  0  -3  0   4  0  0  0  0  2/4    12:33   0:14   0:00 
Shane O'Brien            0  0  0  -2  2   2  0  1  0  1  0/0    27:07   5:14   5:12 
Victor Oreskovich        1  1  2   2  0   6  0  0  2  0  1/1    15:05   4:58   0:00 
Wojtek Wolski            2  0  2   0  2   6  2  0  1  0  7/15   25:47   5:03   5:58 

3 Stars

1 - Guillaume Latendresse (Flo)
2 - Sergei Samsonov (Flo)
3 - Alex Tanguay (Bos)

Power Play

Panthers - 1 on 8 Attempt(s) - 12.50%
Bruins - 1 on 8 Attempt(s) - 12.50%

Penalty Kill

Panthers - 7 on 8 Attempt(s) - 87.50% - Score 0 goal in Penalty Kill
Bruins - 7 on 8 Attempt(s) - 87.50% - Score 0 goal in Penalty Kill

Team Stat

Panthers - Hits : 21 - Faceoff Wins : 31 - Blocked Shots : 8 - Penalty Minutes : 21
Bruins - Hits : 17 - Faceoff Wins : 45 - Blocked Shots : 12 - Penalty Minutes : 21

Official

Referees : Banfield David and StPierre Justin
Linesman : Derek Nansen and Dan Schachte

Game Notes

Kevin Poulin enters game at 5:27 of 2nd period
Nathan Horton and Erik Gudbranson fight to a draw at 18:42 of 2nd period

Finance

Level 1 -- Attendance: 4204 (70.07%) -- Ticket Income $437,216
Level 2 -- Attendance: 3455 (69.10%) -- Ticket Income $221,120
Level 3 -- Attendance: 2000 (100.00%) -- Ticket Income $68,000
Level 4 -- Attendance: 3493 (87.33%) -- Ticket Income $83,832
Luxury Box -- Attendance: 631 (63.10%) -- Ticket Income $122,414
Game was played at the TD Banknorth Garden.
Total Attendance: 13783 (76.57%)
Total Ticket Income: $932,582
Other Income: $139,887
Total Income: $1,072,469

Panthers

5 vs 5 Forward 
   Center                   Left Wing                Right Wing               Time % Phy DF OF 
 1 Cory Emmerton            Guillaume Latendresse    Drew Stafford            40     0   2  3  
 2 Shawn Horcoff            Sergei Samsonov          Tomas Kopecky            30     0   2  3  
 3 Jonathan Matsumoto       Jeff Tambellini          Alexander Perezhogin     20     0   3  2  
 4 Cédric Lalonde-McNicoll  Daniel Sedin             George Parros            10     1   2  2  

5 vs 5 Defense 
   Defense                  Defense                                           Time % Phy DF OF 
 1 Brendan Smith            Erik Gudbranson                                   40     0   2  3  
 2 Ian White                Michal Rozsival                                   30     0   2  3  
 3 Jonathan Sigalet         Matthew Spiller                                   20     0   3  2  
 4 Ian White                Erik Gudbranson                                   10     0   2  3  

PowerPlay Forward 
   Center                   Left Wing                Right Wing               Time % Phy DF OF 
 1 Cory Emmerton            Guillaume Latendresse    Drew Stafford            60     0   1  4  
 2 Shawn Horcoff            Sergei Samsonov          Tomas Kopecky            40     0   1  4  

PowerPlay Defense
   Defense                  Defense                                           Time % Phy DF OF 
 1 Ian White                Erik Gudbranson                                   60     0   2  3  
 2 Brendan Smith            Michal Rozsival                                   40     0   2  3  

Penalty Kill 4 Players Forward 
   Center                   Wing                     Time % Phy DF OF 
 1 Shawn Horcoff            Guillaume Latendresse    60     1   3  1  
 2 Cédric Lalonde-McNicoll  Drew Stafford            40     1   3  1  

Penalty Kill 4 Players Defense
   Defense                  Defense                  Time % Phy DF OF 
 1 Brendan Smith            Michal Rozsival          60     1   4  0  
 2 Matthew Spiller          Jonathan Sigalet         40     1   4  0  

Penalty Kill - 3 Players Forward 
   Forward                                           Time % Phy DF OF 
 1 Cory Emmerton                                     60     0   4  1  
 2 Guillaume Latendresse                             40     0   4  1  

Penalty Kill - 3 Players Defense
   Defense                  Defense                  Time % Phy DF OF 
 1 Brendan Smith            Michal Rozsival          60     1   4  0  
 2 Matthew Spiller          Jonathan Sigalet         40     1   4  0  

4 vs 4 Forward 
   Center                   Wing                     Time % Phy DF OF 
 1 Cory Emmerton            Guillaume Latendresse    60     0   2  3  
 2 Shawn Horcoff            Sergei Samsonov          40     0   2  3  

4 vs 4 Defense
   Defense                  Defense                  Time % Phy DF OF 
 1 Ian White                Erik Gudbranson          60     1   2  2  
 2 Brendan Smith            Michal Rozsival          40     1   2  2  

Last Minutes Offensive
   Center                   Left Wing                Right Wing               Defense                  Defense                  
   Cory Emmerton            Guillaume Latendresse    Drew Stafford            Ian White                Brendan Smith            

Last Minutes Defensive
   Center                   Left Wing                Right Wing               Defense                  Defense                  
   Shawn Horcoff            Guillaume Latendresse    Drew Stafford            Brendan Smith            Matthew Spiller          

Goaltenders
Starting : Antti Niemi              
Backup : Petr Mrazek              

Extra Forwards
Normal : Sergei Samsonov, Guillaume Latendresse, Cory Emmerton - PP : Sergei Samsonov, Daniel Sedin - PK : Shawn Horcoff
Extra Defensemen
Normal : Ian White, Erik Gudbranson, Brendan Smith - PP : Jonathan Sigalet - PK : Matthew Spiller, Erik Gudbranson
Penalty Shots
Shawn Horcoff, Sergei Samsonov, Jeff Tambellini, Daniel Sedin, Jonathan Matsumoto

Scratches
Brayden Schenn (Sprained Left Finger Injury), Pavel Kubina (Healthy)

Bruins

5 vs 5 Forward 
   Center                   Left Wing                Right Wing               Time % Phy DF OF 
 1 Henrik Sedin             Wojtek Wolski            Nathan Horton            40     1   2  2  
 2 Marc Savard              Alex Tanguay             Victor Oreskovich        30     1   2  2  
 3 Mike Fisher              Kris Chucko              Rene Bourque             20     1   2  2  
 4 Dave Bolland             Wojtek Wolski            Nikolai Zherdev          10     1   2  2  

5 vs 5 Defense 
   Defense                  Defense                                           Time % Phy DF OF 
 1 Jason Demers             Shane O'Brien                                     40     1   2  2  
 2 Andrew Alberts           Nate Prosser                                      30     1   2  2  
 3 Cam Fowler               Nick Schultz                                      20     1   2  2  
 4 Adam McQuaid             Jason Demers                                      10     1   2  2  

PowerPlay Forward 
   Center                   Left Wing                Right Wing               Time % Phy DF OF 
 1 Henrik Sedin             Wojtek Wolski            Nathan Horton            60     1   2  2  
 2 Marc Savard              Alex Tanguay             Victor Oreskovich        40     1   2  2  

PowerPlay Defense
   Defense                  Defense                                           Time % Phy DF OF 
 1 Jason Demers             Shane O'Brien                                     60     1   2  2  
 2 Andrew Alberts           Nate Prosser                                      40     1   2  2  

Penalty Kill 4 Players Forward 
   Center                   Wing                     Time % Phy DF OF 
 1 Wojtek Wolski            Henrik Sedin             60     1   2  2  
 2 Marc Savard              Nathan Horton            40     1   2  2  

Penalty Kill 4 Players Defense
   Defense                  Defense                  Time % Phy DF OF 
 1 Jason Demers             Shane O'Brien            60     1   2  2  
 2 Andrew Alberts           Nate Prosser             40     1   2  2  

Penalty Kill - 3 Players Forward 
   Forward                                           Time % Phy DF OF 
 1 Wojtek Wolski                                     60     1   2  2  
 2 Henrik Sedin                                      40     1   2  2  

Penalty Kill - 3 Players Defense
   Defense                  Defense                  Time % Phy DF OF 
 1 Jason Demers             Shane O'Brien            60     1   2  2  
 2 Andrew Alberts           Nate Prosser             40     1   2  2  

4 vs 4 Forward 
   Center                   Wing                     Time % Phy DF OF 
 1 Wojtek Wolski            Henrik Sedin             60     1   2  2  
 2 Marc Savard              Nathan Horton            40     1   2  2  

4 vs 4 Defense
   Defense                  Defense                  Time % Phy DF OF 
 1 Jason Demers             Shane O'Brien            60     1   2  2  
 2 Andrew Alberts           Nate Prosser             40     1   2  2  

Last Minutes Offensive
   Center                   Left Wing                Right Wing               Defense                  Defense                  
   Henrik Sedin             Wojtek Wolski            Nathan Horton            Jason Demers             Shane O'Brien            

Last Minutes Defensive
   Center                   Left Wing                Right Wing               Defense                  Defense                  
   Henrik Sedin             Wojtek Wolski            Nathan Horton            Jason Demers             Shane O'Brien            

Goaltenders
Starting : Craig Anderson           
Backup : Kevin Poulin             

Extra Forwards
Normal : Rene Bourque, Mike Fisher, Dave Bolland - PP : Rene Bourque, Mike Fisher - PK : Dave Bolland
Extra Defensemen
Normal : Cam Fowler, Nick Schultz, Adam McQuaid - PP : Cam Fowler - PK : Nick Schultz, Adam McQuaid
Penalty Shots
Wojtek Wolski, Henrik Sedin, Marc Savard, Nathan Horton, Victor Oreskovich

Scratches
Kevin Bieksa (Groin Injury), Viktor Stalberg (Abdomen/Ribs Injury)

% Time on Ice - Panthers

Lines # - Real PCT - Wanted PCT - Time Play
Normal Forward
1 - 37% - 40% - 13:09
2 - 26% - 30% - 9:15
3 - 25% - 20% - 8:59
4 - 13% - 10% - 4:34
Normal Defense
1 - 44% - 40% - 15:51
2 - 27% - 30% - 9:39
3 - 25% - 20% - 8:51
4 - 4% - 10% - 1:36
PP Forward
1 - 58% - 60% - 5:48
2 - 42% - 40% - 4:16
PP Defense
1 - 60% - 60% - 6:01
2 - 40% - 40% - 4:03
PK Forward
1 - 68% - 60% - 6:56
2 - 32% - 40% - 3:14
PK Defense
1 - 62% - 60% - 6:16
2 - 38% - 40% - 3:54
PK3 Forward
1 - 0% - 60%
2 - 0% - 40%
PK3 Defense
1 - 0% - 60%
2 - 0% - 40%
44 Forward
1 - 79% - 60% - 3:01
2 - 21% - 40% - 0:48
44 Defense
1 - 100% - 60% - 3:49
2 - 0% - 40% - 0:00
Last Minute Offensive  - 0:00
Last Minute Defensive  - 0:00
Total
Forward - 60:00
Defense - 60:00

% Time on Ice - Bruins

Lines # - Real PCT - Wanted PCT - Time Play
Normal Forward
1 - 36% - 40% - 12:46
2 - 30% - 30% - 10:44
3 - 25% - 20% - 8:54
4 - 10% - 10% - 3:33
Normal Defense
1 - 43% - 40% - 15:22
2 - 32% - 30% - 11:37
3 - 24% - 20% - 8:35
4 - 1% - 10% - 0:23
PP Forward
1 - 51% - 60% - 5:12
2 - 49% - 40% - 4:58
PP Defense
1 - 52% - 60% - 5:18
2 - 48% - 40% - 4:52
PK Forward
1 - 73% - 60% - 7:02
2 - 27% - 40% - 2:40
PK Defense
1 - 66% - 60% - 6:27
2 - 34% - 40% - 3:15
PK3 Forward
1 - 100% - 60% - 0:22
2 - 0% - 40% - 0:00
PK3 Defense
1 - 100% - 60% - 0:22
2 - 0% - 40% - 0:00
44 Forward
1 - 75% - 60% - 2:51
2 - 25% - 40% - 0:58
44 Defense
1 - 56% - 60% - 2:09
2 - 44% - 40% - 1:40
Last Minute Offensive  - 0:00
Last Minute Defensive  - 0:00
Total
Forward - 60:00
Defense - 60:00

Play by Play

1st period


0:01 of 1st period - Cory Emmerton wins face-off versus Nathan Horton in neutral zone.
0:14 of 1st period - Snap shot by Cory Emmerton.
0:14 of 1st period - Shot Blocked by Jason Demers.
0:16 of 1st period - Snap shot by Cory Emmerton.
0:16 of 1st period - Shot Misses the Net.
0:30 of 1st period - Snap shot by Marc Savard.
0:30 of 1st period - Stopped by Antti Niemi without a rebound.
0:31 of 1st period - Marc Savard wins face-off versus Jonathan Matsumoto in Panthers zone.
0:34 of 1st period - Snap shot by Victor Oreskovich.
0:34 of 1st period - Stopped by Antti Niemi without a rebound.
0:35 of 1st period - Jonathan Matsumoto wins face-off versus Mike Fisher in Panthers zone.
0:40 of 1st period - Slapshot by Ian White.
0:40 of 1st period - Stopped by Craig Anderson without a rebound.
0:41 of 1st period - Jonathan Matsumoto wins face-off versus Mike Fisher in Bruins zone.
0:48 of 1st period - Slapshot by Rene Bourque.
0:48 of 1st period - Stopped by Antti Niemi with a rebound.
0:50 of 1st period - Snap shot by Nate Prosser.
0:50 of 1st period - Deflect By Michal Rozsival.
0:50 of 1st period - Stopped by Antti Niemi without a rebound.
0:51 of 1st period - Dave Bolland wins face-off versus Cédric Lalonde-McNicoll in Panthers zone.
1:04 of 1st period - Snap shot by Wojtek Wolski.
1:04 of 1st period - Stopped by Antti Niemi with a rebound.
1:06 of 1st period - Slapshot by Nick Schultz.
1:06 of 1st period - Stopped by Antti Niemi with a rebound.
1:14 of 1st period - Minor Penalty to George Parros for Interference.
1:15 of 1st period - Henrik Sedin wins face-off versus Shawn Horcoff in Panthers zone.
1:18 of 1st period - Wrist shot by Henrik Sedin.
1:18 of 1st period - Shot Blocked by Brendan Smith.
1:24 of 1st period - Backhand shot by Henrik Sedin.
1:24 of 1st period - Shot Hit the Post.
1:26 of 1st period - Slapshot by Jason Demers.
1:26 of 1st period - Stopped by Antti Niemi with a rebound.
1:28 of 1st period - Slapshot by Shane O'Brien.
1:28 of 1st period - Stopped by Antti Niemi without a rebound.
1:29 of 1st period - Henrik Sedin wins face-off versus Shawn Horcoff in Panthers zone.
3:14 of 1st period - Penalty to George Parros is over, George Parros is back on ice.
3:53 of 1st period - Minor Penalty to Daniel Sedin for Interference.
3:54 of 1st period - Marc Savard wins face-off versus Shawn Horcoff in Panthers zone.
3:55 of 1st period - Slapshot by Victor Oreskovich.
3:55 of 1st period - Shot Blocked by Michal Rozsival.
5:49 of 1st period - Icing by Henrik Sedin.
5:50 of 1st period - Rene Bourque wins face-off versus Shawn Horcoff in Bruins zone.
5:53 of 1st period - Penalty to Daniel Sedin is over, Daniel Sedin is back on ice.
6:05 of 1st period - Wrist shot by Mike Fisher.
6:05 of 1st period - Stopped by Antti Niemi with a rebound.
6:25 of 1st period - Icing by Victor Oreskovich.
6:26 of 1st period - Marc Savard wins face-off versus Jonathan Matsumoto in Bruins zone.
6:51 of 1st period - Slapshot by Brendan Smith.
6:51 of 1st period - Shot Blocked by Jason Demers.
7:15 of 1st period - Snap shot by Victor Oreskovich.
7:15 of 1st period - Shot Misses the Net.
7:17 of 1st period - Wrist shot by Alex Tanguay.
7:17 of 1st period - Shot Misses the Net.
7:19 of 1st period - Wrist shot by Victor Oreskovich.
7:19 of 1st period - Shot Misses the Net.
7:25 of 1st period - Snap shot by Victor Oreskovich.
7:25 of 1st period - Stopped by Antti Niemi with a rebound.
7:52 of 1st period - Icing by Wojtek Wolski.
7:53 of 1st period - Jonathan Matsumoto wins face-off versus Dave Bolland in Bruins zone.
7:56 of 1st period - Wrist shot by Jeff Tambellini.
7:56 of 1st period - Shot Blocked by Andrew Alberts.
8:20 of 1st period - Snap shot by Guillaume Latendresse.
8:20 of 1st period - Stopped by Craig Anderson without a rebound.
8:21 of 1st period - Cory Emmerton wins face-off versus Marc Savard in Bruins zone.
9:01 of 1st period - Minor Penalty to Erik Gudbranson for Slashing.
9:02 of 1st period - Henrik Sedin wins face-off versus Shawn Horcoff in Panthers zone.
9:06 of 1st period - Minor Penalty to Wojtek Wolski for Hooking.
9:07 of 1st period - Cory Emmerton wins face-off versus Rene Bourque in Bruins zone.
9:08 of 1st period - Slapshot by Guillaume Latendresse.
9:08 of 1st period - Goal by Guillaume Latendresse - Panthers : 1 - Bruins : 0.
9:09 of 1st period - Cory Emmerton wins face-off versus Rene Bourque in neutral zone.
9:20 of 1st period - Wrist shot by Cory Emmerton.
9:20 of 1st period - Stopped by Craig Anderson with a rebound.
9:24 of 1st period - Snap shot by Guillaume Latendresse.
9:24 of 1st period - Goal by Guillaume Latendresse - Panthers : 2 - Bruins : 0.
9:25 of 1st period - Rene Bourque wins face-off versus Cory Emmerton in neutral zone.
10:14 of 1st period - Ian White is hit by Nate Prosser.
10:20 of 1st period - Nate Prosser is hit by Shawn Horcoff and loses puck.
10:43 of 1st period - Slapshot by Shawn Horcoff.
10:43 of 1st period - Shot Blocked by Andrew Alberts.
11:01 of 1st period - Penalty to Erik Gudbranson is over, Erik Gudbranson is back on ice.
11:06 of 1st period - Penalty to Wojtek Wolski is over, Wojtek Wolski is back on ice.
11:09 of 1st period - Slapshot by Erik Gudbranson.
11:09 of 1st period - Deflect By Daniel Sedin.
11:09 of 1st period - Stopped by Craig Anderson with a rebound.
11:11 of 1st period - Snap shot by Erik Gudbranson.
11:11 of 1st period - Goal by Erik Gudbranson - Panthers : 3 - Bruins : 0.
11:12 of 1st period - Cory Emmerton wins face-off versus Henrik Sedin in neutral zone.
11:58 of 1st period - Snap shot by Rene Bourque.
11:58 of 1st period - Stopped by Antti Niemi without a rebound.
11:59 of 1st period - Mike Fisher wins face-off versus Jonathan Matsumoto in Panthers zone.
12:04 of 1st period - Snap shot by Rene Bourque.
12:04 of 1st period - Stopped by Antti Niemi with a rebound.
12:06 of 1st period - Slapshot by Mike Fisher.
12:06 of 1st period - Deflect By Kris Chucko.
12:06 of 1st period - Stopped by Antti Niemi with a rebound.
12:08 of 1st period - Slapshot by Jason Demers.
12:08 of 1st period - Stopped by Antti Niemi with a rebound.
12:10 of 1st period - Slapshot by Shane O'Brien.
12:10 of 1st period - Deflect By Kris Chucko.
12:10 of 1st period - Shot Misses the Net.
12:10 of 1st period - Puck is out of play.
12:11 of 1st period - Henrik Sedin wins face-off versus Shawn Horcoff in Panthers zone.
12:47 of 1st period - Slapshot by Erik Gudbranson.
12:47 of 1st period - Stopped by Craig Anderson without a rebound.
12:48 of 1st period - Henrik Sedin wins face-off versus Drew Stafford in Bruins zone.
12:48 of 1st period - Henrik Sedin is hit by Cory Emmerton.
12:54 of 1st period - Wrist shot by Guillaume Latendresse.
12:54 of 1st period - Shot Misses the Net.
12:56 of 1st period - Slapshot by Erik Gudbranson.
12:56 of 1st period - Deflect By Guillaume Latendresse.
12:56 of 1st period - Shot Misses the Net.
12:56 of 1st period - Puck is out of play.
12:57 of 1st period - Henrik Sedin wins face-off versus Cory Emmerton in Bruins zone.
13:15 of 1st period - Minor Penalty to Erik Gudbranson for Hooking.
13:16 of 1st period - Henrik Sedin wins face-off versus Shawn Horcoff in Panthers zone.
13:18 of 1st period - Snap shot by Wojtek Wolski.
13:18 of 1st period - Shot Misses the Net.
13:20 of 1st period - Slapshot by Shane O'Brien.
13:20 of 1st period - Shot Misses the Net.
13:22 of 1st period - Slapshot by Jason Demers.
13:22 of 1st period - Stopped by Antti Niemi with a rebound.
15:14 of 1st period - Jason Demers is hit by Cory Emmerton and loses puck.
15:15 of 1st period - Penalty to Erik Gudbranson is over, Erik Gudbranson is back on ice.
15:33 of 1st period - Wrist shot by Rene Bourque.
15:33 of 1st period - Shot Blocked by Jonathan Sigalet.
15:35 of 1st period - Slapshot by Rene Bourque.
15:35 of 1st period - Shot Blocked by Matthew Spiller.
15:37 of 1st period - Slapshot by Rene Bourque.
15:37 of 1st period - Shot Misses the Net.
15:39 of 1st period - Slapshot by Nick Schultz.
15:39 of 1st period - Stopped by Antti Niemi without a rebound.
15:40 of 1st period - Jonathan Matsumoto wins face-off versus Mike Fisher in Panthers zone.
16:05 of 1st period - Andrew Alberts is hit by Sergei Samsonov.
16:47 of 1st period - Slapshot by Brendan Smith.
16:47 of 1st period - Shot Blocked by Mike Fisher.
16:49 of 1st period - Wrist shot by Cédric Lalonde-McNicoll.
16:49 of 1st period - Shot Misses the Net.
16:51 of 1st period - Wrist shot by Cédric Lalonde-McNicoll.
16:51 of 1st period - Shot Blocked by Mike Fisher.
16:53 of 1st period - Wrist shot by Cédric Lalonde-McNicoll.
16:53 of 1st period - Stopped by Craig Anderson without a rebound.
16:54 of 1st period - Marc Savard wins face-off versus Shawn Horcoff in Bruins zone.
17:11 of 1st period - Alex Tanguay is hit by Shawn Horcoff.
17:58 of 1st period - Wrist shot by Brendan Smith.
17:58 of 1st period - Shot Blocked by Andrew Alberts.
18:10 of 1st period - Tomas Kopecky is hit by Nikolai Zherdev and loses puck.
18:23 of 1st period - Slapshot by Mike Fisher.
18:23 of 1st period - Stopped by Antti Niemi without a rebound.
18:24 of 1st period - Jonathan Matsumoto wins face-off versus Mike Fisher in Panthers zone.
18:24 of 1st period - Jonathan Matsumoto is hit by Mike Fisher.
18:30 of 1st period - Slapshot by Matthew Spiller.
18:30 of 1st period - Stopped by Craig Anderson without a rebound.
18:31 of 1st period - Henrik Sedin wins face-off versus Jonathan Matsumoto in Bruins zone.
18:47 of 1st period - Wrist shot by Wojtek Wolski.
18:47 of 1st period - Shot Blocked by Matthew Spiller.
18:57 of 1st period - Matthew Spiller is hit by Kris Chucko and loses puck.
19:15 of 1st period - Off-side.
19:16 of 1st period - Marc Savard wins face-off versus Cory Emmerton in neutral zone.
19:19 of 1st period - Guillaume Latendresse is hit by Alex Tanguay.
19:23 of 1st period - Nate Prosser is hit by Guillaume Latendresse and loses puck.
19:42 of 1st period - Michal Rozsival is hit by Wojtek Wolski and loses puck.
Goals for this period are 3 for Panthers vs 0 for Bruins.
Shots for this period are 10 for Panthers vs 17 for Bruins.

2nd period


0:01 of 2nd period - Henrik Sedin wins face-off versus Drew Stafford in neutral zone.
0:14 of 2nd period - Snap shot by Erik Gudbranson.
0:14 of 2nd period - Stopped by Craig Anderson with a rebound.
0:30 of 2nd period - Snap shot by Jason Demers.
0:30 of 2nd period - Shot Misses the Net.
0:51 of 2nd period - Slapshot by Kris Chucko.
0:51 of 2nd period - Shot Blocked by Jonathan Sigalet.
0:55 of 2nd period - Slapshot by Rene Bourque.
0:55 of 2nd period - Shot Hit the Post.
1:05 of 2nd period - Cédric Lalonde-McNicoll is hit by Nate Prosser and loses puck.
3:28 of 2nd period - Nate Prosser is hit by Jonathan Sigalet.
3:32 of 2nd period - Nate Prosser is hit by Alexander Perezhogin and loses puck.
3:57 of 2nd period - Henrik Sedin is hit by Cédric Lalonde-McNicoll and loses puck.
4:04 of 2nd period - Snap shot by Daniel Sedin.
4:04 of 2nd period - Shot Misses the Net.
4:51 of 2nd period - Slapshot by Guillaume Latendresse.
4:51 of 2nd period - Stopped by Craig Anderson with a rebound.
5:11 of 2nd period - Slapshot by Brendan Smith.
5:11 of 2nd period - Deflect By Rene Bourque.
5:11 of 2nd period - Stopped by Craig Anderson without a rebound.
5:12 of 2nd period - Shawn Horcoff wins face-off versus Henrik Sedin in Bruins zone.
5:25 of 2nd period - Snap shot by Sergei Samsonov.
5:25 of 2nd period - Stopped by Craig Anderson with a rebound.
5:27 of 2nd period - Snap shot by Erik Gudbranson.
5:27 of 2nd period - Goal by Erik Gudbranson - Panthers : 4 - Bruins : 0.
5:27 of 2nd period - Kevin Poulin enters game.
5:28 of 2nd period - Cory Emmerton wins face-off versus Henrik Sedin in neutral zone.
5:32 of 2nd period - Off-side.
5:33 of 2nd period - Cory Emmerton wins face-off versus Nathan Horton in neutral zone.
6:13 of 2nd period - Minor Penalty to Cory Emmerton for Tripping.
6:14 of 2nd period - Henrik Sedin wins face-off versus Guillaume Latendresse in Panthers zone.
6:49 of 2nd period - Icing by Alex Tanguay.
6:50 of 2nd period - Marc Savard wins face-off versus Shawn Horcoff in Bruins zone.
6:59 of 2nd period - Snap shot by Victor Oreskovich.
6:59 of 2nd period - Stopped by Antti Niemi with a rebound.
7:19 of 2nd period - Wrist shot by Alex Tanguay.
7:19 of 2nd period - Shot Misses the Net.
7:21 of 2nd period - Slapshot by Alex Tanguay.
7:21 of 2nd period - Shot Misses the Net.
7:23 of 2nd period - Slapshot by Nate Prosser.
7:23 of 2nd period - Shot Blocked by Shawn Horcoff.
7:25 of 2nd period - Wrist shot by Marc Savard.
7:25 of 2nd period - Stopped by Antti Niemi without a rebound.
7:26 of 2nd period - Jonathan Matsumoto wins face-off versus Henrik Sedin in Panthers zone.
7:35 of 2nd period - Wrist shot by Wojtek Wolski.
7:35 of 2nd period - Stopped by Antti Niemi with a rebound.
7:37 of 2nd period - Slapshot by Shane O'Brien.
7:37 of 2nd period - Stopped by Antti Niemi without a rebound.
7:38 of 2nd period - Shawn Horcoff wins face-off versus Henrik Sedin in Panthers zone.
7:38 of 2nd period - Shawn Horcoff is hit by Nathan Horton.
8:13 of 2nd period - Penalty to Cory Emmerton is over, Cory Emmerton is back on ice.
8:51 of 2nd period - Minor Penalty to Cam Fowler for Hooking.
8:52 of 2nd period - Guillaume Latendresse wins face-off versus Wojtek Wolski in Bruins zone.
9:12 of 2nd period - Wojtek Wolski is hit by Erik Gudbranson and loses puck.
9:23 of 2nd period - Erik Gudbranson is hit by Wojtek Wolski and loses puck.
10:28 of 2nd period - Minor Penalty to Nate Prosser for Hooking.
10:29 of 2nd period - Cory Emmerton wins face-off versus Wojtek Wolski in Bruins zone.
10:50 of 2nd period - Backhand shot by Ian White.
10:50 of 2nd period - Stopped by Kevin Poulin without a rebound.
10:51 of 2nd period - Penalty to Cam Fowler is over, Cam Fowler is back on ice.
10:51 of 2nd period - Wojtek Wolski wins face-off versus Shawn Horcoff in Bruins zone.
10:51 of 2nd period - Wojtek Wolski is hit by Sergei Samsonov.
11:25 of 2nd period - Snap shot by Ian White.
11:25 of 2nd period - Shot Misses the Net.
12:28 of 2nd period - Penalty to Nate Prosser is over, Nate Prosser is back on ice.
13:49 of 2nd period - Minor Penalty to Nikolai Zherdev for Interference.
13:50 of 2nd period - Cory Emmerton wins face-off versus Wojtek Wolski in Bruins zone.
14:19 of 2nd period - Slapshot by Erik Gudbranson.
14:19 of 2nd period - Stopped by Kevin Poulin with a rebound.
14:21 of 2nd period - Slapshot by Erik Gudbranson.
14:21 of 2nd period - Shot Blocked by Jason Demers.
15:49 of 2nd period - Penalty to Nikolai Zherdev is over, Nikolai Zherdev is back on ice.
16:08 of 2nd period - Off-side.
16:09 of 2nd period - Mike Fisher wins face-off versus Jeff Tambellini in neutral zone.
16:33 of 2nd period - Minor Penalty to Cam Fowler for Holding.
16:34 of 2nd period - Wojtek Wolski wins face-off versus Cory Emmerton in Bruins zone.
16:39 of 2nd period - Snap shot by Wojtek Wolski.
16:39 of 2nd period - Stopped by Antti Niemi without a rebound.
16:40 of 2nd period - Cory Emmerton wins face-off versus Wojtek Wolski in Panthers zone.
16:55 of 2nd period - Wrist shot by Cory Emmerton.
16:55 of 2nd period - Goal by Cory Emmerton - Panthers : 5 - Bruins : 0.
16:56 of 2nd period - Nathan Horton wins face-off versus Guillaume Latendresse in neutral zone.
17:09 of 2nd period - Snap shot by Henrik Sedin.
17:09 of 2nd period - Stopped by Antti Niemi with a rebound.
17:11 of 2nd period - Snap shot by Jason Demers.
17:11 of 2nd period - Shot Misses the Net.
17:23 of 2nd period - Icing by Victor Oreskovich.
17:24 of 2nd period - Shawn Horcoff wins face-off versus Marc Savard in Bruins zone.
17:25 of 2nd period - Snap shot by Sergei Samsonov.
17:25 of 2nd period - Stopped by Kevin Poulin with a rebound.
18:18 of 2nd period - Jason Demers is hit by Michal Rozsival and loses puck.
18:33 of 2nd period - Snap shot by Victor Oreskovich.
18:33 of 2nd period - Stopped by Antti Niemi with a rebound.
18:35 of 2nd period - Snap shot by Alex Tanguay.
18:35 of 2nd period - Goal by Alex Tanguay - Panthers : 5 - Bruins : 1.
18:36 of 2nd period - Henrik Sedin wins face-off versus Shawn Horcoff in neutral zone.
18:42 of 2nd period - Nathan Horton and Erik Gudbranson fight to a draw.
18:42 of 2nd period - Penalty to Nathan Horton for Fighting.
18:42 of 2nd period - Penalty to Erik Gudbranson for Fighting.
18:43 of 2nd period - Cory Emmerton wins face-off versus Henrik Sedin in Panthers zone.
18:43 of 2nd period - Cory Emmerton is hit by Jason Demers.
18:52 of 2nd period - Minor Penalty to Brendan Smith for Slashing.
18:53 of 2nd period - Henrik Sedin wins face-off versus Shawn Horcoff in Panthers zone.
18:58 of 2nd period - Wrist shot by Wojtek Wolski.
18:58 of 2nd period - Goal by Wojtek Wolski - Panthers : 5 - Bruins : 2.
18:59 of 2nd period - Henrik Sedin wins face-off versus Drew Stafford in neutral zone.
19:24 of 2nd period - Alex Tanguay is hit by Sergei Samsonov and loses puck.
19:53 of 2nd period - Snap shot by Jonathan Matsumoto.
19:53 of 2nd period - Shot Misses the Net.
19:55 of 2nd period - Slapshot by Brendan Smith.
19:55 of 2nd period - Shot Blocked by Jason Demers.
19:57 of 2nd period - Slapshot by Brendan Smith.
19:57 of 2nd period - Shot Hit the Post.
Goals for this period are 2 for Panthers vs 2 for Bruins.
Shots for this period are 9 for Panthers vs 9 for Bruins.

3rd period


0:01 of 3rd period - Henrik Sedin wins face-off versus Cory Emmerton in neutral zone.
0:14 of 3rd period - Snap shot by Cory Emmerton.
0:14 of 3rd period - Stopped by Kevin Poulin without a rebound.
0:15 of 3rd period - Henrik Sedin wins face-off versus Shawn Horcoff in Bruins zone.
0:15 of 3rd period - Jason Demers is hit by Shawn Horcoff and loses puck.
0:25 of 3rd period - Minor Penalty to Jason Demers for Interference.
0:26 of 3rd period - Cory Emmerton wins face-off versus Wojtek Wolski in Bruins zone.
0:29 of 3rd period - Minor Penalty to Ian White for Interference.
0:30 of 3rd period - Wojtek Wolski wins face-off versus Cory Emmerton in Panthers zone.
0:36 of 3rd period - Wrist shot by Wojtek Wolski.
0:36 of 3rd period - Stopped by Antti Niemi without a rebound.
0:37 of 3rd period - Wojtek Wolski wins face-off versus Guillaume Latendresse in Panthers zone.
1:58 of 3rd period - Cam Fowler is hit by Shawn Horcoff and loses puck.
2:25 of 3rd period - Penalty to Jason Demers is over, Jason Demers is back on ice.
2:29 of 3rd period - Penalty to Ian White is over, Ian White is back on ice.
2:34 of 3rd period - Snap shot by Ian White.
2:34 of 3rd period - Stopped by Kevin Poulin with a rebound.
2:44 of 3rd period - Snap shot by Wojtek Wolski.
2:44 of 3rd period - Shot Misses the Net.
2:46 of 3rd period - Slapshot by Nick Schultz.
2:46 of 3rd period - Shot Misses the Net.
2:50 of 3rd period - Slapshot by Henrik Sedin.
2:50 of 3rd period - Shot Blocked by Jonathan Sigalet.
2:52 of 3rd period - Slapshot by Nick Schultz.
2:52 of 3rd period - Deflect By Ian White.
2:52 of 3rd period - Stopped by Antti Niemi with a rebound.
2:54 of 3rd period - Wrist shot by Jason Demers.
2:54 of 3rd period - Stopped by Antti Niemi with a rebound.
3:21 of 3rd period - Wrist shot by Wojtek Wolski.
3:21 of 3rd period - Goal by Wojtek Wolski - Panthers : 5 - Bruins : 3.
3:22 of 3rd period - Marc Savard wins face-off versus Jonathan Matsumoto in neutral zone.
3:32 of 3rd period - Icing by Ian White.
3:33 of 3rd period - Marc Savard wins face-off versus Alexander Perezhogin in Panthers zone.
3:51 of 3rd period - Off-side.
3:52 of 3rd period - Shawn Horcoff wins face-off versus Mike Fisher in neutral zone.
3:55 of 3rd period - Rene Bourque is hit by Shawn Horcoff and loses puck.
4:22 of 3rd period - Off-side.
4:23 of 3rd period - Marc Savard wins face-off versus Guillaume Latendresse in neutral zone.
4:48 of 3rd period - Tomas Kopecky is hit by Nathan Horton and loses puck.
4:54 of 3rd period - Michal Rozsival is hit by Henrik Sedin and loses puck.
5:25 of 3rd period - Snap shot by Rene Bourque.
5:25 of 3rd period - Stopped by Antti Niemi with a rebound.
5:52 of 3rd period - Ian White is hit by Alex Tanguay and loses puck.
6:03 of 3rd period - Nikolai Zherdev is hit by George Parros and loses puck.
6:29 of 3rd period - Shawn Horcoff is hit by Kris Chucko and loses puck.
6:44 of 3rd period - Wrist shot by Victor Oreskovich.
6:44 of 3rd period - Shot Misses the Net.
8:04 of 3rd period - Dave Bolland is hit by Sergei Samsonov and loses puck.
8:11 of 3rd period - Wrist shot by Sergei Samsonov.
8:11 of 3rd period - Goal by Sergei Samsonov - Panthers : 6 - Bruins : 3.
8:12 of 3rd period - Henrik Sedin wins face-off versus Cory Emmerton in neutral zone.
8:33 of 3rd period - Minor Penalty to Cory Emmerton for Tripping.
8:34 of 3rd period - Shawn Horcoff wins face-off versus Henrik Sedin in Panthers zone.
8:59 of 3rd period - Shawn Horcoff is hit by Alex Tanguay and loses puck.
9:30 of 3rd period - Matthew Spiller is hit by Nate Prosser.
9:40 of 3rd period - Cédric Lalonde-McNicoll is hit by Alex Tanguay and loses puck.
10:33 of 3rd period - Penalty to Cory Emmerton is over, Cory Emmerton is back on ice.
10:53 of 3rd period - Icing by Erik Gudbranson.
10:54 of 3rd period - Shawn Horcoff wins face-off versus Mike Fisher in Panthers zone.
11:49 of 3rd period - Slapshot by Nick Schultz.
11:49 of 3rd period - Deflect By Drew Stafford.
11:49 of 3rd period - Stopped by Antti Niemi with a rebound.
12:09 of 3rd period - Backhand shot by Mike Fisher.
12:09 of 3rd period - Deflect By Rene Bourque.
12:09 of 3rd period - Shot Misses the Net.
12:09 of 3rd period - Puck is out of play.
12:10 of 3rd period - Marc Savard wins face-off versus Tomas Kopecky in Panthers zone.
12:16 of 3rd period - Icing by Sergei Samsonov.
12:17 of 3rd period - Marc Savard wins face-off versus Shawn Horcoff in Panthers zone.
12:20 of 3rd period - Slapshot by Marc Savard.
12:20 of 3rd period - Stopped by Antti Niemi with a rebound.
13:06 of 3rd period - Wrist shot by Jeff Tambellini.
13:06 of 3rd period - Shot Misses the Net.
13:08 of 3rd period - Slapshot by Jeff Tambellini.
13:08 of 3rd period - Stopped by Kevin Poulin with a rebound.
13:10 of 3rd period - Snap shot by Jonathan Matsumoto.
13:10 of 3rd period - Deflect By Jeff Tambellini.
13:10 of 3rd period - Shot Misses the Net.
13:10 of 3rd period - Puck is out of play.
13:11 of 3rd period - Shawn Horcoff wins face-off versus Henrik Sedin in Bruins zone.
13:14 of 3rd period - Wrist shot by Tomas Kopecky.
13:14 of 3rd period - Shot Misses the Net.
13:18 of 3rd period - Wrist shot by Tomas Kopecky.
13:18 of 3rd period - Stopped by Kevin Poulin without a rebound.
13:19 of 3rd period - Henrik Sedin wins face-off versus Shawn Horcoff in Bruins zone.
13:21 of 3rd period - Minor Penalty to Nathan Horton for Hooking.
13:22 of 3rd period - Wojtek Wolski wins face-off versus Cory Emmerton in Bruins zone.
13:36 of 3rd period - Wrist shot by Henrik Sedin.
13:36 of 3rd period - Stopped by Antti Niemi with a rebound.
13:38 of 3rd period - Wrist shot by Wojtek Wolski.
13:38 of 3rd period - Shot Misses the Net.
14:10 of 3rd period - Slapshot by Marc Savard.
14:10 of 3rd period - Shot Misses the Net.
14:42 of 3rd period - Slapshot by Brendan Smith.
14:42 of 3rd period - Shot Misses the Net.
14:44 of 3rd period - Slapshot by Brendan Smith.
14:44 of 3rd period - Shot Blocked by Jason Demers.
14:46 of 3rd period - Snap shot by Sergei Samsonov.
14:46 of 3rd period - Shot Blocked by Shane O'Brien.
14:48 of 3rd period - Backhand shot by Brendan Smith.
14:48 of 3rd period - Stopped by Kevin Poulin without a rebound.
14:49 of 3rd period - Cory Emmerton wins face-off versus Wojtek Wolski in Bruins zone.
14:50 of 3rd period - Wrist shot by Drew Stafford.
14:50 of 3rd period - Stopped by Kevin Poulin with a rebound.
15:21 of 3rd period - Penalty to Nathan Horton is over, Nathan Horton is back on ice.
15:38 of 3rd period - Snap shot by Alexander Perezhogin.
15:38 of 3rd period - Shot Misses the Net.
15:48 of 3rd period - Nathan Horton is hit by Daniel Sedin and loses puck.
15:55 of 3rd period - Wrist shot by George Parros.
15:55 of 3rd period - Stopped by Kevin Poulin with a rebound.
15:57 of 3rd period - Slapshot by George Parros.
15:57 of 3rd period - Goal by George Parros - Panthers : 7 - Bruins : 3.
15:58 of 3rd period - Henrik Sedin wins face-off versus Cory Emmerton in neutral zone.
16:13 of 3rd period - Snap shot by Henrik Sedin.
16:13 of 3rd period - Stopped by Antti Niemi without a rebound.
16:14 of 3rd period - Victor Oreskovich wins face-off versus Shawn Horcoff in Panthers zone.
16:15 of 3rd period - Snap shot by Alex Tanguay.
16:15 of 3rd period - Stopped by Antti Niemi without a rebound.
16:16 of 3rd period - Marc Savard wins face-off versus Shawn Horcoff in Panthers zone.
16:25 of 3rd period - Wrist shot by Marc Savard.
16:25 of 3rd period - Stopped by Antti Niemi with a rebound.
16:27 of 3rd period - Slapshot by Victor Oreskovich.
16:27 of 3rd period - Goal by Victor Oreskovich - Panthers : 7 - Bruins : 4.
16:28 of 3rd period - Cory Emmerton wins face-off versus Henrik Sedin in neutral zone.
16:34 of 3rd period - Minor Penalty to Shane O'Brien for Hooking.
16:35 of 3rd period - Cory Emmerton wins face-off versus Wojtek Wolski in Bruins zone.
16:39 of 3rd period - Slapshot by Guillaume Latendresse.
16:39 of 3rd period - Shot Misses the Net.
16:41 of 3rd period - Snap shot by Erik Gudbranson.
16:41 of 3rd period - Stopped by Kevin Poulin without a rebound.
16:42 of 3rd period - Wojtek Wolski wins face-off versus Cory Emmerton in Bruins zone.
16:53 of 3rd period - Slapshot by Ian White.
16:53 of 3rd period - Deflect By Cory Emmerton.
16:53 of 3rd period - Shot Blocked by Nick Schultz.
16:53 of 3rd period - Puck is out of play.
16:54 of 3rd period - Cory Emmerton wins face-off versus Wojtek Wolski in Bruins zone.
16:59 of 3rd period - Slapshot by Ian White.
16:59 of 3rd period - Deflect By Drew Stafford.
16:59 of 3rd period - Stopped by Kevin Poulin without a rebound.
17:00 of 3rd period - Cory Emmerton wins face-off versus Henrik Sedin in Bruins zone.
17:19 of 3rd period - Jason Demers is hit by Cory Emmerton and loses puck.
17:30 of 3rd period - Wrist shot by Guillaume Latendresse.
17:30 of 3rd period - Stopped by Kevin Poulin without a rebound.
17:31 of 3rd period - Wojtek Wolski wins face-off versus Shawn Horcoff in Bruins zone.
18:34 of 3rd period - Penalty to Shane O'Brien is over, Shane O'Brien is back on ice.
18:34 of 3rd period - Dave Bolland is hit by Erik Gudbranson and loses puck.
19:09 of 3rd period - Wrist shot by Victor Oreskovich.
19:09 of 3rd period - Stopped by Antti Niemi with a rebound.
19:20 of 3rd period - Icing by Matthew Spiller.
19:21 of 3rd period - Henrik Sedin wins face-off versus Shawn Horcoff in Panthers zone.
Goals for this period are 2 for Panthers vs 2 for Bruins.
Shots for this period are 12 for Panthers vs 13 for Bruins.